 Dungeon Crawl Stone Soup version 0.23-a0-767-gdc19b93 (webtiles) character file.

4429 George the Cleaver (level 10, -2/91 HPs)
             Began as a Minotaur Fighter on Jan 19, 2019.
             Was an Elder of Makhleb.
             Killed from afar by an electric eel (11 damage)
             ... with a bolt of electricity
             ... on level 9 of the Dungeon.
             The game lasted 00:10:54 (7217 turns).

George the Cleaver (Minotaur Fighter)               Turns: 7217, Time: 00:10:55

Health: -2/91      AC: 14    Str: 24    XL:     10   Next: 14%
Magic:  14/14      EV:  6    Int:  5    God:    Makhleb [****..]
Gold:   508        SH:  9    Dex: 10    Spells: 9/9 levels left

rFire    + . .     SeeInvis .   a - +0 war axe
rCold    + . .     Gourm    .   c - +0 shield
rNeg     . . .     Faith    .   x - +0 chain mail
rPois    .         Spirit   .   (helmet restricted)
rElec    .         Reflect  .   B - scarf {rC+ rF+}
rCorr    .         Harm     .   q - +2 pair of gloves
MR       .....                  (no boots)
Stlth    ..........             p - amulet of regeneration
HPRegen  0.65/turn              m - ring of stealth
MPRegen  0.14/turn              (no ring)

@: no status effects
A: retaliatory headbutt, horns 2
a: Minor Destruction, Lesser Servant of Makhleb, Major Destruction, Renounce
Religion


You were on level 9 of the Dungeon.
You worshipped Makhleb.
Makhleb was greatly pleased with you.
You were hungry.

You visited 2 branches of the dungeon, and saw 10 of its levels.
You also visited: Sewer and Ossuary.

You collected 508 gold pieces.

Inventory:

Hand Weapons
 a - a +0 war axe (weapon)
 t - a +2 flail of holy wrath
 w - a +0 flail of crushing
Armour
 c - a +0 shield (worn)
 q - a +2 pair of gloves (worn)
 x - a +0 chain mail (worn)
 B - a scarf of resistance (worn)
Jewellery
 m - a ring of stealth (left hand)
 p - an amulet of regeneration (around neck)
Wands
 s - a wand of paralysis (5)
 y - a wand of polymorph (5)
 z - a wand of iceblast (6)
Scrolls
 b - a scroll of magic mapping
 e - a scroll of fog {unknown}
 g - 2 scrolls of amnesia {unknown}
 j - 5 scrolls of remove curse {unknown}
 l - 2 scrolls of enchant armour {unknown}
 o - 6 scrolls of teleportation {unknown}
 r - a scroll of identify
 u - 2 scrolls of immolation {unknown}
 A - a scroll of blinking {unknown}
Potions
 d - 2 potions of might
 h - 2 potions of flight
 i - 2 potions of mutation
 k - a potion of heal wounds
 n - 6 potions of curing
 v - 2 potions of berserk rage
Comestibles
 f - 10 rations


   Skills:
 + Level 9.0 Fighting
 + Level 10.9 Axes
 + Level 9.0 Armour
 - Level 3.6 Shields
 + Level 6.6 Invocations


You had 9 spell levels left.
You didn't know any spells.
Your spell library contained the following spells:

 Spells                   Type           Power        Failure   Level  Hunger
 Freeze                   Ice            #...         100%        1    ##.....
 Magic Dart               Conj           #...         100%        1    ##.....
 Blink                    Tloc           N/A          100%        2    ###....
 Call Imp                 Summ           #.......     100%        2    ###....
 Slow                     Hex            #.......     100%        2    ###....
 Throw Frost              Conj/Ice       #.....       100%        2    ###....
 Conjure Flame            Conj/Fire      #.......     100%        3    ####...
 Mephitic Cloud           Conj/Pois/Air  #.......     100%        3    ####...
 Ozocubu's Armour         Chrm/Ice       #.......     100%        3    ####...
 Summon Ice Beast         Ice/Summ       #.......     100%        4    #####..
 Throw Icicle             Conj/Ice       #.......     100%        4    #####..
 Bolt of Magma            Conj/Fire/Erth #.........   100%        5    ######.
 Iskenderun's Battlesphe  Conj/Chrm      #.......     100%        5    ######.
 Venom Bolt               Conj/Pois      #.........   100%        5    ######.
 Iron Shot                Conj/Erth      #.........   100%        6    #######
 Orb of Destruction       Conj           #.........   100%        7    #######
 Spellforged Servitor     Conj/Summ      #.........   100%        7    #######


Dungeon Overview and Level Annotations

Branches:
Dungeon (9/15)             Temple (1/1) D:4            Lair (0/6) D:9
    Orc: D:9-12

Altars:
Ashenzari
Cheibriados
Dithmenos
Elyvilon
Fedhas
Gozag
Hepliaklqana
Kikubaaqudgha
Makhleb
Nemelex Xobeh
Okawaru
Qazlal
Ru
Sif Muna
Trog
Uskayaw
Vehumet
Wu Jian
Xom
Yredelemnul
Zin
The Shining One

Shops:
D:9 *


Innate Abilities, Weirdness & Mutations

You reflexively headbutt those who attack you in melee.
You have a pair of horns on your head.


Message History

* * * LOW HITPOINT WARNING * * *
You hit the orc warrior but do no damage.
Your headbutt misses the orc warrior.
The orc warrior is moderately wounded.
The orc warrior hits you with a +0 trident!
* * * LOW HITPOINT WARNING * * *
You closely miss the orc warrior. Your headbutt misses the orc warrior.
The orc warrior is moderately wounded.
The orc warrior barely misses you.
The orc warrior hits you from afar with a +0 trident.
* * * LOW HITPOINT WARNING * * *
There is an open door here.
The electric eel shoots out a bolt of lightning at you!
The bolt of electricity hits you!
* * * LOW HITPOINT WARNING * * *
Found a stone staircase leading down.
You see here a buckler.
The electric eel shoots out a bolt of lightning at you!
The bolt of electricity hits you!
You die...

######### ........#
........##############
........'.#.>........#
....(...#[#...o.@..>.#
........#.'..........#
........###..........+
........###..........#
.............≈.........
+#............≈.≈...≈≈..
.#.....≈≈..≈≈≈≈≈;..≈....
.....≈≈≈≈≈≈≈≈≈≈≈≈≈≈≈....
....≈≈≈≈≈≈≈≈≈..≈≈≈≈..


You could see an orc warrior and an electric eel.

Vanquished Creatures
  Joseph (D:9)
  A troll (D:9)
  A sky beast (D:5)
  2 black bears (D:4)
  An eye of draining (D:8)
  An orc warrior (D:8)
  3 ogres
  3 phantoms
  2 wolves (D:9)
  2 centaurs
  3 bullfrogs
  A big kobold (Sewer)
  4 scorpions
  3 killer bees (D:9)
  2 howler monkeys
  3 electric eels (D:9)
  5 crimson imps
  A centaur zombie (Ossuary)
  15 hounds
  A human zombie (Ossuary)
  A gnoll shaman (D:4)
  3 orc priests
  3 bullfrog skeletons
  A jelly (D:7)
  2 centaur skeletons
  2 iguanas
  4 orc wizards
  10 worker ants
  A big kobold zombie (Ossuary)
  2 hound zombies (D:5)
  2 mummies (Ossuary)
  2 worker ant zombies
  7 gnolls
  10 adders
  A river rat (Sewer)
  2 oozes
  3 adder zombies
  3 dart slugs
  6 worms
  5 leopard geckos
  24 orcs
  7 giant cockroaches
  6 goblins
  7 hobgoblins
  7 jackals
  6 quokkas
  A ball python (D:6)
  8 bats
  11 frilled lizards
  3 goblin zombies (Ossuary)
  4 hobgoblin zombies (Ossuary)
  A jackal skeleton (D:5)
  A jackal zombie (Ossuary)
  10 kobolds
  9 kobold zombies (Ossuary)
  12 orc zombies (Ossuary)
  A quokka skeleton (D:4)
  11 rats
  2 rat zombies (Ossuary)
256 creatures vanquished.

Notes
Turn   | Place    | Note
-------+----------+-------------------------------------------
     0 | D:1      | George the Minotaur Fighter began the quest for the Orb.
     0 | D:1      | Reached XP level 1. HP: 19/19 MP: 0/0
   266 | D:1      | Reached skill level 3 in Axes
   438 | D:1      | Reached XP level 2. HP: 26/26 MP: 1/1
   734 | D:2      | Reached skill level 4 in Axes
   739 | D:2      | Reached XP level 3. HP: 24/31 MP: 2/2
   768 | D:2      | Found a sparkling altar of Nemelex Xobeh.
   809 | D:2      | Found an ancient bone altar of Kikubaaqudgha.
  1095 | D:2      | Reached skill level 5 in Axes
  1483 | D:3      | Reached XP level 4. HP: 23/39 MP: 3/3
  1619 | D:3      | Found a bloodstained altar of Trog.
  1619 | D:3      | Found a shadowy altar of Dithmenos.
  1649 | D:3      | Reached skill level 6 in Axes
  1675 | D:3      | Found a glowing drain.
  1679 | Sewer    | Entered a sewer
  1843 | Sewer    | Noticed a big kobold
  1852 | Sewer    | Killed a big kobold
  1852 | Sewer    | Reached skill level 7 in Axes
  1852 | Sewer    | Reached XP level 5. HP: 39/45 MP: 4/4
  1875 | Sewer    | Found a white marble altar of Elyvilon.
  2155 | D:3      | Found a deep blue altar of Sif Muna.
  2270 | D:3      | Found a burning altar of Makhleb.
  2275 | D:3      | Became a worshipper of Makhleb the Destroyer
  2462 | D:4      | Reached XP level 6. HP: 40/52 MP: 5/5
  2498 | D:4      | Reached skill level 1 in Invocations
  2835 | D:4      | Found a staircase to the Ecumenical Temple.
  2851 | D:4      | Reached XP level 7. HP: 60/60 MP: 7/7
  2856 | D:4      | Reached skill level 8 in Axes
  2865 | Temple   | Entered the Ecumenical Temple
  3309 | D:4      | Reached skill level 5 in Fighting
  3309 | D:4      | Reached skill level 5 in Armour
  3375 | D:4      | Found a stormy altar of Qazlal.
  3407 | D:4      | Reached * piety under Makhleb
  3952 | D:5      | Entered Level 5 of the Dungeon
  4160 | D:5      | Reached XP level 8. HP: 69/69 MP: 9/9
  4486 | D:5      | Reached ** piety under Makhleb
  4495 | D:5      | Found a sand-covered staircase.
  4504 | Ossuary  | Entered an ossuary
  4518 | Ossuary  | Reached skill level 9 in Axes
  4701 | Ossuary  | Reached *** piety under Makhleb
  5174 | D:6      | Reached XP level 9. HP: 79/79 MP: 11/11
  5484 | D:7      | Reached skill level 5 in Invocations
  5842 | D:8      | Reached skill level 10 in Axes
  5875 | D:8      | Reached **** piety under Makhleb
  6807 | D:9      | Noticed Joseph
  6808 | D:9      | Paralysed by Joseph for 5 turns
  6816 | D:9      | Paralysed by Joseph for 5 turns
  6828 | D:9      | Paralysed by Joseph for 6 turns
  6834 | D:9      | Killed Joseph
  6979 | D:9      | Noticed a troll
  6985 | D:9      | Killed a troll
  6985 | D:9      | Reached XP level 10. HP: 88/90 MP: 13/13
  7045 | D:9      | Found a staircase to the Lair.
  7162 | D:9      | Found Juolulun's General Store.
  7217 | D:9      | Killed from afar by an electric eel

Vault maps used:
D:1:      roderic_crop_circles_arrival_small
D:2:      nicolae_overflow_crystal_walls, nemelex_xobeh_ov_fountains_minmay,
          serial_bayou, serial_bayou_pond_d, serial_bayou_lake_a,
          serial_bayou_pond_d, serial_bayou_ford_a
D:3:      lightli_temple_of_fire, led_sif_book,
          chequers_temple_overflow_statue_of_worship, gup_sewer_entry_bowl,
          first_ration
D:4:      kennysheep_little_box, minmay_temple_entry_mini_moons
D:5:      lightli_ossuary_entry_decrepit_ruins
D:6:      st_stairs_6
D:9:      erik_lair_island, serial_rivers, chequers_serial_rivers_small_a,
          chequers_serial_rivers_small_b, chequers_serial_rivers_room_a,
          chequers_serial_rivers_micro_a, serial_shops, shop_scrolls, shop,
          grunt_pizzeria, uniq_joseph
Temple:   regret_index_temple_waves
Sewer:    sewer_kobolds
Ossuary:  ossuary_tomb_1

Skill      XL: |  1  2  3  4  5  6  7  8  9 10 |
---------------+-------------------------------+-----
Axes           | 3 4 5 7 8 9 10 | 10.9
Fighting       | 4 5 7 8 9 |  9.0
Armour         | 4 5 7 8 9 |  9.0
Invocations    | 1 3 4 6 |  6.6
Shields        | |  3.6

Action                   |  1- 3 |  4- 6 |  7- 9 | 10-12 || total
-------------------------+-------+-------+-------+-------++-------
Melee: War axe           |    93 |   141 |   457 |    65 ||   756
       Headbutt          |     8 |    13 |    81 |     8 ||   110
  Use: Scroll            |       |     7 |     3 |       ||    10
       Potion            |       |     1 |       |       ||     1
  Eat: Chunk             |     2 |     5 |    14 |       ||    21
Armor: Scale mail        |    36 |    54 |   120 |       ||   210
       Chain mail        |       |       |    63 |    46 ||   109
Dodge: Dodged            |    28 |    32 |   102 |    17 ||   179
Block: Shield            |    44 |    65 |   214 |    34 ||   357

Table legend:
 A = Non-vault XP
 B = Vault XP
 C = Vault XP percentage of total XP
 D = Non-vault monster count
 E = Vault monster count
 F = Vault count percentage of total count
                 A         B        C        D         E       F
            +---------+---------+-------+---------+---------+-------
      Total |    4637 |    1691 |  26.7 |     190 |      66 |  25.8
            +---------+---------+-------+---------+---------+-------
        D:1 |      15 |       0 |   0.0 |      11 |       0 |   0.0
        D:2 |      81 |       0 |   0.0 |      27 |       0 |   0.0
        D:3 |     128 |       7 |   5.2 |      28 |       4 |  12.5
        D:4 |     805 |       0 |   0.0 |      27 |       0 |   0.0
        D:5 |     675 |       0 |   0.0 |      31 |       0 |   0.0
        D:6 |     706 |     109 |  13.4 |      19 |       2 |   9.5
        D:7 |     661 |       0 |   0.0 |      13 |       0 |   0.0
        D:8 |    1042 |       0 |   0.0 |      17 |       0 |   0.0
        D:9 |     524 |    1264 |  70.7 |      17 |      10 |  37.0
      Sewer |       0 |     121 | 100.0 |       0 |      12 | 100.0
    Ossuary |       0 |     190 | 100.0 |       0 |      38 | 100.0
            +---------+---------+-------+---------+---------+-------
